[Event "Titled Tuesday Blitz November 15 Late 2022"]
[White "Coleman, Maxx"]
[Black "Steenbekkers, Franck"]
[WhiteFideId "2027119"]
[BlackFideId "1004220"]
[WhiteElo "2278"]
[BlackElo "2032"]
[Result "1-0"]
[Round "01"]
[TimeControl "180+1"]
[Date "2022.11.16"]
[WhiteClock "0:00:56"]
[BlackClock "0:00:51"]

1. Nf3 c5 2. e4 Nc6 3. d4 cxd4 4. Nxd4 Nf6 5. Nc3 e5 6. Ndb5 d6 7. Nd5 Nxd5 8. exd5 Nb8 9. Qf3 Be7 10. Qc3 Na6 11. Be3 O-O 12. Nxa7 Bf5 13. Bxa6 bxa6 14. Nc6 Qd7 15. O-O Bf6 16. Qd2 e4 17. Bd4 Bxd4 18. Qxd4 Rac8 19. f3 Rfe8 20. Rae1 exf3 21. Rxe8+ Rxe8 22. Rxf3 Bxc2 23. h3 h6 24. Rg3 Bg6 25. Re3 Rxe3 26. Qxe3 Qf5 27. Ne7+ 1-0


[Site "https://www.chess.com"]

[Event "Titled Tuesday Blitz November 15 Late 2022"]
[White "Crevatin, Leo"]
[Black "Prithu Gupta"]
[WhiteFideId "1726307"]
[BlackFideId "46618546"]
[WhiteElo "2208"]
[BlackElo "2344"]
[Result "0-1"]
[Round "01"]
[TimeControl "180+1"]
[Date "2022.11.16"]
[WhiteClock "0:00:02"]
[BlackClock "0:00:13"]

1. d4 Nf6 2. Bf4 d5 3. e3 Bf5 4. Bd3 Bxd3 5. cxd3 e6 6. Nf3 Bd6 7. Ne5 O-O 8. O-O c5 9. dxc5 Bxc5 10. Qb3 Qb6 11. Nc3 Qxb3 12. axb3 Na6 13. d4 Be7 14. Nd3 Rfc8 15. Rfc1 Rc6 16. f3 Nh5 17. Nb5 Nxf4 18. Rxc6 Nxd3 19. Rc2 Ndb4 20. Rd2 Nc6 21. Kf2 Nab4 22. Rc1 a6 23. Nc3 f5 24. Ne2 g5 25. g4 Kf7 26. gxf5 exf5 27. Ng3 Ke6 28. e4 fxe4 29. fxe4 g4 30. exd5+ Kxd5 31. Kg2 Rf8 32. Re1 Rf3 33. Ne4 Bh4 34. Nc3+ Kd6 35. Re8 Ne7 36. Rh8 Nf5 37. Ne4+ Kc6 38. Rc8+ Kb6 39. Rc1 Nd3 40. Rb1 Ne3+ 41. Kg1 Be1 42. Rxe1 Nxe1 0-1


[Site "https://www.chess.com"]

[Event "Titled Tuesday Blitz November 15 Late 2022"]
[White "Curtis, John"]
[Black "Aggelis, Nikolaos"]
[WhiteFideId "3200256"]
[BlackFideId "4213220"]
[WhiteElo "2203"]
[BlackElo "2189"]
[Result "1-0"]
[Round "01"]
[TimeControl "180+1"]
[Date "2022.11.16"]
[WhiteClock "0:01:16"]
[BlackClock "0:00:32"]

1. e4 c5 2. Nf3 Nc6 3. d4 cxd4 4. Nxd4 Nf6 5. Nc3 e5 6. Ndb5 d6 7. Bg5 a6 8. Na3 b5 9. Nd5 Be7 10. Bxf6 Bxf6 11. c3 Rb8 12. Nc2 Bg5 13. a4 bxa4 14. Ncb4 Nxb4 15. Nxb4 Bd7 16. Bxa6 O-O 17. O-O Qb6 18. Bc4 Kh8 19. Bd3 Ra8 20. Bc2 Bb5 21. Re1 Rfd8 22. Bxa4 Bc4 23. Bc6 Rxa1 24. Qxa1 Rc8 25. Bd5 Bxd5 26. Nxd5 Qb3 27. Qa3 Qxa3 28. bxa3 Ra8 29. Ra1 Ra4 30. f3 g6 31. Kf1 f5 32. exf5 gxf5 33. Ke2 Kg7 34. g3 Bd8 35. Kd3 Kf7 36. c4 Ke6 37. Kc3 Ba5+ 38. Kb3 1-0


[Site "https://www.chess.com"]

[Event "Titled Tuesday Blitz November 15 Late 2022"]
[White "D`Arruda, Ricardo D."]
[Black "Kamsky, Gata"]
[WhiteFideId "100692"]
[BlackFideId "2000024"]
[WhiteElo "2495"]
[BlackElo "2666"]
[Result "0-1"]
[Round "01"]
[TimeControl "180+1"]
[Date "2022.11.16"]
[WhiteClock "0:00:07"]
[BlackClock "0:00:06"]

1. Nf3 Nf6 2. d4 g6 3. Nc3 d5 4. Bg5 Bg7 5. Bxf6 Bxf6 6. e4 c6 7. Bd3 Bg4 8. e5 Bg7 9. h3 Bxf3 10. Qxf3 e6 11. Ne2 Qb6 12. O-O O-O 13. Rab1 c5 14. c3 Nc6 15. Qe3 cxd4 16. cxd4 Rae8 17. b4 f6 18. b5 Ne7 19. f4 f5 20. a4 Rc8 21. Rfc1 Rxc1+ 22. Rxc1 Rc8 23. Rxc8+ Nxc8 24. Qc1 Qd8 25. a5 Bf8 26. a6 bxa6 27. bxa6 Nb6 28. Qc6 Qd7 29. Qb7 Bb4 30. g4 Kf7 31. gxf5 gxf5 32. Kf2 Qe7 33. Kf3 Kg6 34. Qc6 Qd7 35. Qb7 Qe7 36. Ng3 Qd7 37. h4 Be1 38. h5+ Kh6 39. Qxd7 Nxd7 40. Bb5 Nb6 41. Be8 Kg7 42. Ne2 Kf8 43. Bc6 h6 44. Ke3 Ke7 45. Kd3 Bb4 46. Ng3 Kd8 47. Ne2 Nc8 48. Nc1 Kc7 49. Be8 Ne7 50. Bf7 Kd7 51. Nb3 Nc6 52. Nc5+ Bxc5 53. dxc5 Ke7 54. Bg8 Nb4+ 55. Kd4 Nxa6 56. c6 Nc7 57. Kc5 a5 58. Kb6 a4 59. Kxc7 a3 60. Kb7 a2 61. c7 a1=Q 62. c8=Q Qb2+ 63. Ka8 Qa3+ 64. Kb8 Qb4+ 65. Qb7+ Qxb7+ 66. Kxb7 d4 67. Kc6 d3 0-1


[Site "https://www.chess.com"]

[Event "Titled Tuesday Blitz November 15 Late 2022"]
[White "Danielyan, Vahe"]
[Black "Romero Ruscalleda, Josep"]
[WhiteFideId "13304828"]
[BlackFideId "2231859"]
[WhiteElo "2423"]
[BlackElo "2183"]
[Result "1-0"]
[Round "01"]
[TimeControl "180+1"]
[Date "2022.11.16"]
[WhiteClock "0:02:16"]
[BlackClock "0:01:10"]

1. e4 g6 2. d4 Bg7 3. Nc3 d6 4. Be3 a6 5. Nf3 b5 6. Be2 Bb7 7. a3 Nd7 8. O-O c5 9. dxc5 Nxc5 10. e5 Ne4 11. Nxe4 Bxe4 12. exd6 Qxd6 13. Qxd6 exd6 14. Bd4 Nf6 15. c3 O-O 16. Nd2 Bb7 17. a4 bxa4 18. Rxa4 Rfe8 19. Bd3 Nd5 20. g3 Bxd4 21. Rxd4 Rad8 22. Be4 Rxe4 23. Nxe4 Kg7 24. Rfd1 Nb6 25. Nxd6 Bf3 26. Nf5+ gxf5 27. Rxd8 Nc4 28. b4 Ne5 29. Re1 Be4 30. Re3 Nf3+ 31. Rxf3 Bxf3 32. c4 Kf6 33. c5 Ke7 34. Rd6 Be2 35. f4 Bb5 36. Kf2 f6 37. Ke3 Bd7 38. Kd4 Be6 39. Rxa6 Bd7 40. Ra7 Kd8 41. Rxd7+ Kxd7 42. Kd5 1-0


[Site "https://www.chess.com"]

[Event "Titled Tuesday Blitz November 15 Late 2022"]
[White "Deac, Bogdan-Daniel"]
[Black "Koutlas, Nikolaos"]
[WhiteFideId "1226380"]
[BlackFideId "25827138"]
[WhiteElo "2648"]
[BlackElo "2167"]
[Result "0-1"]
[Round "01"]
[TimeControl "180+1"]
[Date "2022.11.15"]
[WhiteClock "0:00:04"]
[BlackClock "0:00:44"]

1. Nf3 Nf6 2. b3 g6 3. Bb2 Bg7 4. g3 O-O 5. Bg2 c5 6. c4 Nc6 7. O-O b6 8. e3 Bb7 9. d4 cxd4 10. exd4 d5 11. Na3 Rc8 12. Qe2 dxc4 13. bxc4 Na5 14. Rac1 Qd7 15. Ne5 Qa4 16. Bxb7 Nxb7 17. Nb5 Nd6 18. Nc3 Qb4 19. Nd5 Nxd5 20. cxd5 Rfe8 21. Nc6 Qa4 22. Qf3 Qxa2 23. Ba3 Nf5 24. Rfd1 Bf6 25. g4 Nh4 26. Qd3 Qxd5 27. Nxe7+ Bxe7 28. Rxc8 Qg2# 0-1


[Site "https://www.chess.com"]

[Event "Titled Tuesday Blitz November 15 Late 2022"]
[White "Domingo Nunez, Alejandro"]
[Black "Bulgurlu, Okan"]
[WhiteFideId "22245561"]
[BlackFideId "6352316"]
[WhiteElo "2242"]
[BlackElo "2259"]
[Result "1-0"]
[Round "01"]
[TimeControl "180+1"]
[Date "2022.11.16"]
[WhiteClock "0:00:53"]
[BlackClock "0:00:34"]

1. Nf3 c5 2. g3 d5 3. Bg2 Nf6 4. O-O Nc6 5. d4 cxd4 6. Nxd4 e5 7. Nxc6 bxc6 8. c4 Be6 9. Nc3 Be7 10. cxd5 cxd5 11. Bg5 e4 12. Qa4+ Qd7 13. Qxd7+ Nxd7 14. Bxe7 Kxe7 15. Rfd1 Nb6 16. Nb5 Rhc8 17. Rac1 Rxc1 18. Rxc1 a6 19. Nd4 Rc8 20. Rxc8 Bxc8 21. b3 Kd6 22. Bf1 g6 23. e3 Nd7 24. Be2 Ne5 25. Kf1 Kc5 26. a3 Nc6 27. b4+ Kd6 28. Nb3 a5 29. Nxa5 Nxa5 30. bxa5 Kc5 31. Ke1 d4 32. exd4+ Kxd4 33. Kd2 f5 34. Bb5 Bb7 35. a6 Ba8 36. Bd7 Kc5 37. Bc8 Kb6 38. Ke3 g5 39. Bxf5 Kxa6 40. Bxe4 Bxe4 41. Kxe4 1-0


[Site "https://www.chess.com"]

[Event "Titled Tuesday Blitz November 15 Late 2022"]
[White "Dudzinski, Pawel"]
[Black "Gokerkan, Cem Kaan"]
[WhiteFideId "1117890"]
[BlackFideId "6336760"]
[WhiteElo "2086"]
[BlackElo "2365"]
[Result "0-1"]
[Round "01"]
[TimeControl "180+1"]
[Date "2022.11.16"]
[WhiteClock "0:00:46"]
[BlackClock "0:01:39"]

1. e4 c5 2. c4 g6 3. Nc3 Bg7 4. g3 Nc6 5. Bg2 e6 6. Rb1 Nge7 7. a3 a5 8. Nge2 O-O 9. O-O d6 10. Nb5 d5 11. exd5 exd5 12. cxd5 Nxd5 13. Bxd5 Qxd5 14. Nc7 Qd3 15. Nxa8 Qxb1 16. Nc3 Qd3 17. Re1 Ne5 18. Re3 Qd8 19. Qb3 Be6 20. Qxb7 Qxa8 21. Qxa8 Rxa8 22. Ne4 c4 23. f4 Nd3 0-1


[Site "https://www.chess.com"]

[Event "Titled Tuesday Blitz November 15 Late 2022"]
[White "Eljanov, Pavel"]
[Black "Urbina Perez, Juan Antonio"]
[WhiteFideId "14102951"]
[BlackFideId "2217368"]
[WhiteElo "2601"]
[BlackElo "2197"]
[Result "1-0"]
[Round "01"]
[TimeControl "180+1"]
[Date "2022.11.16"]
[WhiteClock "0:00:29"]
[BlackClock "0:00:12"]

1. c4 c6 2. Nf3 d5 3. g3 Nf6 4. Bg2 Bf5 5. Qb3 Qb6 6. d3 e6 7. Be3 Qxb3 8. axb3 Bb4+ 9. Bd2 Bxd2+ 10. Nbxd2 Na6 11. Nd4 Bg6 12. Nc2 O-O 13. b4 Nc7 14. Nd4 a6 15. N4b3 b6 16. Nf3 Nd7 17. O-O Rfc8 18. Rfc1 f6 19. Bh3 Bf7 20. c5 b5 21. Nfd4 Ne8 22. Nxe6 Ra7 23. Ra3 Rca8 24. Ned4 Nb8 25. Rca1 g6 26. Bg2 Nc7 27. Na5 Be8 28. e4 Kf7 29. exd5 Nxd5 30. Ndxc6 Bxc6 31. Nxc6 Rd7 32. Nxb8 Rxb8 33. Rxa6 Nxb4 34. Ra7 Rd8 35. c6 Rxa7 36. Rxa7+ Ke6 37. Rxh7 Rc8 38. c7 Nxd3 39. Bb7 1-0


[Site "https://www.chess.com"]

[Event "Titled Tuesday Blitz November 15 Late 2022"]
[White "Fedoseev, Vladimir"]
[Black "Kumala, Aleksander"]
[WhiteFideId "24130737"]
[BlackFideId "1141880"]
[WhiteElo "2726"]
[BlackElo "2269"]
[Result "1-0"]
[Round "01"]
[TimeControl "180+1"]
[Date "2022.11.15"]
[WhiteClock "0:01:16"]
[BlackClock "0:00:09"]

1. e4 e5 2. Nf3 Nc6 3. Bc4 Nf6 4. d3 Bc5 5. h3 d6 6. a4 a6 7. O-O O-O 8. Nc3 h6 9. Be3 Ba7 10. Qd2 Kh7 11. Kh2 Be6 12. b3 Qd7 13. Nh4 Nd4 14. f4 exf4 15. Rxf4 Nh5 16. Rf2 Qe7 17. g3 Bxc4 18. bxc4 Nxc2 19. Nf5 Qe5 20. d4 Qe6 21. Qxc2 g6 22. Nxh6 Qxc4 23. Raf1 Bxd4 24. Bxd4 Qxd4 25. Nxf7 Kg7 26. Nd5 c6 27. Nc7 Rae8 28. Ng5 Rxf2+ 29. Rxf2 Qe5 30. Nxe8+ Kh6 31. Nf7+ 1-0


[Site "https://www.chess.com"]

[Event "Titled Tuesday Blitz November 15 Late 2022"]
[White "Fernandez De La Vara, Arnaldo"]
[Black "Suich, Peter D"]
[WhiteFideId "3518388"]
[BlackFideId "2050366"]
[WhiteElo "2387"]
[BlackElo "2375"]
[Result "1-0"]
[Round "01"]
[TimeControl "180+1"]
[Date "2022.11.16"]
[WhiteClock "0:00:59"]
[BlackClock "0:01:37"]

1. Nf3 d5 2. g3 Nf6 3. Bg2 g6 4. b3 Bg7 5. Bb2 O-O 6. c4 c6 7. O-O Be6 8. d3 a5 9. Nc3 Na6 10. Qd2 h6 11. Rfd1 Qc8 12. Rac1 Rd8 13. Na4 Qc7 14. Be5 Qd7 15. Nb6 Qe8 16. Nxa8 Rxa8 17. Qxa5 dxc4 18. bxc4 h5 19. Rb1 Qc8 20. Bxf6 Bxf6 21. Qb6 Rb8 22. Nd4 Bd7 23. Nb3 Nc7 24. Nc5 Na8 25. Qa7 Be8 26. Rxb7 Rxb7 27. Qxb7 Qd8 28. Bxc6 Bxc6 29. Qxc6 Nb6 30. Rb1 1-0


[Site "https://www.chess.com"]

[Event "Titled Tuesday Blitz November 15 Late 2022"]
[White "Fernandez Siles, Luis"]
[Black "Kleiman, Jake"]
[WhiteFideId "2209420"]
[BlackFideId "2020041"]
[WhiteElo "2186"]
[BlackElo "2751"]
[Result "0-1"]
[Round "01"]
[TimeControl "180+1"]
[Date "2022.11.16"]
[WhiteClock "0:00:05"]
[BlackClock "0:00:06"]

1. d4 Nf6 2. c4 e6 3. Nc3 Bb4 4. e3 O-O 5. Ne2 d5 6. a3 Be7 7. cxd5 exd5 8. g3 c6 9. Bg2 a5 10. O-O Na6 11. f3 c5 12. Kh1 Re8 13. Bd2 Bf8 14. Rc1 h5 15. dxc5 Nxc5 16. Nb5 Qb6 17. Ned4 Bd7 18. a4 Rac8 19. Rc3 Na6 20. Rxc8 Rxc8 21. Bc3 Nb4 22. Qd2 Re8 23. h3 Bc5 24. g4 hxg4 25. hxg4 Bc8 26. Rc1 Bf8 27. Bh3 Nd7 28. Kg2 Ne5 29. Rh1 Nc4 30. Qf2 Nxe3+ 31. Kg1 Nd1 32. Qd2 Ne3 33. Qf2 Qh6 34. Bf1 Qg5 35. Qh2 f6 36. Be2 Bc5 37. f4 Qg6 38. f5 Nxf5 39. Kf1 Ne3+ 40. Ke1 Nxg4 41. Rg1 Nxh2 42. Rxg6 Kf7 43. Rg2 Ng4 44. Nf5 Ne5 45. Rxg7+ Kf8 46. Rg1 Bxf5 47. Kd2 Bxg1 48. Bxe5 fxe5 49. Bh5 Rd8 0-1


[Site "https://www.chess.com"]

[Event "Titled Tuesday Blitz November 15 Late 2022"]
[White "Figorito, Nick"]
[Black "Mgeladze, Tamaz"]
[WhiteFideId "30923689"]
[BlackFideId "13601202"]
[WhiteElo "2359"]
[BlackElo "2288"]
[Result "0-1"]
[Round "01"]
[TimeControl "180+1"]
[Date "2022.11.16"]
[WhiteClock "0:00:06"]
[BlackClock "0:00:15"]

1. Nf3 Nf6 2. g3 g6 3. Bg2 Bg7 4. O-O O-O 5. c4 c5 6. d4 cxd4 7. Nxd4 Nc6 8. Nc2 b6 9. Nc3 Bb7 10. b3 d6 11. Bb2 h5 12. Ne3 h4 13. Qd2 Qc8 14. Ned5 h3 15. Bh1 Re8 16. Nxf6+ Bxf6 17. Nd5 Bxb2 18. Qxb2 Ne5 19. Rac1 Bxd5 20. Bxd5 Rb8 21. Qd4 e6 22. Bh1 Rd8 23. Qh4 Kg7 24. Qxh3 Qc5 25. Qg2 Rbc8 26. Rcd1 b5 27. cxb5 Qxb5 28. Qe4 f5 29. Qh4 Qxe2 30. Qe7+ Nf7 31. Rde1 Qb2 32. Rxe6 Re8 33. Qd7 Rcd8 34. Qxe8 Rxe8 35. Rxe8 Qxa2 36. Rb8 Ne5 37. Rb7+ Kf6 38. h4 a5 39. Bg2 Qc2 40. Bd5 Qd3 41. Bg2 Ng4 42. Rd7 Ke6 43. Rb7 f4 44. Bh3 Qf3 45. Re1+ Kf6 46. Bxg4 Qxg4 47. Ree7 fxg3 48. Rf7+ Ke6 49. Rbe7+ Kd5 50. fxg3 Qxg3+ 51. Kf1 Qxh4 52. Ra7 Qh1+ 53. Ke2 Qe4+ 54. Kd2 Qb4+ 55. Kc2 g5 56. Rg7 Ke6 57. Rae7+ Kf5 58. Ref7+ Kg4 59. Rd7 Kh4 60. Rh7+ Kg3 61. Rdg7 g4 62. Kb2 a4 63. Kc2 axb3+ 64. Kb2 Qc4 65. Rc7 Qa4 66. Ra7 Qd4+ 67. Kxb3 Kf3 68. Rhf7+ Kg2 69. Rg7 g3 70. Raf7 d5 71. Rh7 Qc4+ 72. Kb2 Kg1 73. Rfg7 Qd4+ 74. Kc2 g2 75. Kb3 Qd3+ 76. Kb4 Qd4+ 77. Kb5 Qc4+ 78. Kb6 d4 79. Rc7 Qb4+ 80. Ka7 Qa3+ 81. Kb6 d3 82. Rhd7 d2 83. Rxd2 Qb4+ 84. Ka7 Qxd2 85. Rc8 Qf2+ 86. Kb8 Kf1 87. Rc1+ Qe1 88. Rc7 g1=Q 89. Rf7+ Qgf2 90. Rh7 Qe5+ 91. Rc7 Qff4 92. Ka8 Qa5+ 93. Kb7 Qfxc7# 0-1


[Site "https://www.chess.com"]

[Event "Titled Tuesday Blitz November 15 Late 2022"]
[White "Firouzja, Alireza"]
[Black "Rodriguez Fontecha, Marcos"]
[WhiteFideId "12573981"]
[BlackFideId "2256576"]
[WhiteElo "2903"]
[BlackElo "2263"]
[Result "1-0"]
[Round "01"]
[TimeControl "180+1"]
[Date "2022.11.15"]
[WhiteClock "0:02:26"]
[BlackClock "0:01:31"]

1. d4 Nf6 2. Bg5 e6 3. e4 Be7 4. Bd3 d6 5. Nf3 Nc6 6. O-O e5 7. d5 Nb8 8. Nc3 O-O 9. h3 a5 10. Re1 Na6 11. Be3 Nd7 12. a3 b6 13. b4 g6 14. Qd2 Bf6 15. Nb5 axb4 16. axb4 Bb7 17. Ra3 Qe7 18. Rea1 c6 19. dxc6 Bxc6 20. Rxa6 1-0


[Site "https://www.chess.com"]

[Event "Titled Tuesday Blitz November 15 Late 2022"]
[White "Foerster-Yialamas, Lucas"]
[Black "Riff, Vincent"]
[WhiteFideId "30901774"]
[BlackFideId "617776"]
[WhiteElo "2067"]
[BlackElo "2369"]
[Result "0-1"]
[Round "01"]
[TimeControl "180+1"]
[Date "2022.11.16"]
[WhiteClock "0:00:13"]
[BlackClock "0:00:43"]

1. e4 c5 2. Nf3 Nc6 3. b3 e5 4. Bb2 d6 5. c3 g6 6. d4 Bg7 7. d5 Nce7 8. Bb5+ Bd7 9. Bxd7+ Qxd7 10. c4 h6 11. Nc3 g5 12. g3 Nf6 13. Qe2 Ng6 14. O-O-O a6 15. h4 g4 16. Nd2 h5 17. Nf1 Bh6+ 18. Kb1 O-O 19. Bc1 Bxc1 20. Rxc1 b5 21. Ne3 bxc4 22. Qxc4 Ne7 23. Rcg1 Rfb8 24. Qd3 a5 25. Nc4 a4 26. Kb2 Rb4 27. f3 axb3 28. axb3 Rab8 29. Rb1 gxf3 30. Kc2 Ng4 31. Qxf3 f5 32. exf5 Nxf5 33. Qe4 Qh7 34. Rhf1 Nfe3+ 35. Kd3 Qxe4+ 36. Nxe4 Rxb3+ 37. Rxb3 Rxb3+ 38. Ke2 Nxf1 39. Kxf1 Ne3+ 40. Nxe3 Rxe3 41. Nxd6 Rxg3 42. Nf5 Rf3+ 43. Ke2 Rxf5 44. Ke3 Rf4 45. d6 Rd4 46. d7 Rxd7 47. Ke4 Rd4+ 48. Kxe5 Rxh4 49. Kf5 Rg4 0-1


[Site "https://www.chess.com"]

[Event "Titled Tuesday Blitz November 15 Late 2022"]
[White "Freile Martin, Javier"]
[Black "Melikyan, Gnel"]
[WhiteFideId "3600165"]
[BlackFideId "54109990"]
[WhiteElo "2328"]
[BlackElo "2138"]
[Result "0-1"]
[Round "01"]
[TimeControl "180+1"]
[Date "2022.11.16"]
[WhiteClock "0:00:35"]
[BlackClock "0:01:02"]

1. c4 c5 2. Nc3 Nc6 3. Nf3 g6 4. e3 Bg7 5. d4 d6 6. d5 Ne5 7. Nxe5 Bxe5 8. e4 Bg7 9. h3 Nf6 10. Bd3 O-O 11. O-O e6 12. Bd2 a6 13. Re1 Re8 14. a3 Qb6 15. Rb1 Bd7 16. b4 cxb4 17. axb4 Rac8 18. Be3 Qc7 19. c5 exd5 20. exd5 Ng4 21. hxg4 Bxc3 22. Re2 Be5 23. Rc2 Ba4 24. cxd6 Bxc2 25. Bxc2 Qxd6 26. Bc5 Qd7 27. d6 Rc6 28. Ba4 b5 29. Bb3 Bxd6 30. Bd5 Bxc5 31. Bxc6 Qxc6 32. bxc5 Qxc5 33. Rc1 Qe5 34. Qf3 Qe4 35. Qf6 Qxg4 0-1


[Site "https://www.chess.com"]

[Event "Titled Tuesday Blitz November 15 Late 2022"]
[White "Garcia Ramos, Daniel"]
[Black "Mesa Cruz, Juan Carlos"]
[WhiteFideId "32010311"]
[BlackFideId "6423400"]
[WhiteElo "2357"]
[BlackElo "2059"]
[Result "1-0"]
[Round "01"]
[TimeControl "180+1"]
[Date "2022.11.16"]
[WhiteClock "0:01:33"]
[BlackClock "0:00:05"]

1. e4 c5 2. Nf3 d6 3. d4 cxd4 4. Nxd4 Nf6 5. f3 e5 6. Nb3 d5 7. Bg5 d4 8. c3 Nc6 9. cxd4 exd4 10. Bb5 Bb4+ 11. N1d2 h6 12. Bh4 O-O 13. O-O Be7 14. Bf2 d3 15. Rc1 Nb4 16. a3 Nc2 17. Nb1 Be6 18. Bxd3 Bxb3 19. Bxc2 Bxc2 20. Rxc2 Qa5 21. Nc3 1-0


[Site "https://www.chess.com"]

[Event "Titled Tuesday Blitz November 15 Late 2022"]
[White "Girsh, Daniel"]
[Black "Pranav, V"]
[WhiteFideId "30949190"]
[BlackFideId "25060783"]
[WhiteElo "2075"]
[BlackElo "2430"]
[Result "0-1"]
[Round "01"]
[TimeControl "180+1"]
[Date "2022.11.15"]
[WhiteClock "0:01:39"]
[BlackClock "0:02:46"]

1. e4 e5 2. Nf3 Nc6 3. Bb5 a6 4. Ba4 d6 5. c3 Bd7 6. d4 g6 7. O-O Bg7 8. Re1 Nge7 9. Be3 O-O 10. Nbd2 h6 11. Nf1 exd4 12. cxd4 Bg4 13. h3 Bxf3 14. gxf3 Kh7 15. Qd2 f5 16. exf5 Nxf5 17. Bxc6 bxc6 18. Rac1 Nh4 19. Nh2 Qd7 20. Kh1 Qxh3 21. Rg1 Nxf3 0-1


[Site "https://www.chess.com"]

[Event "Titled Tuesday Blitz November 15 Late 2022"]
[White "Gorodetzky, David"]
[Black "Bilan, Danila"]
[WhiteFideId "2813416"]
[BlackFideId "24161918"]
[WhiteElo "2497"]
[BlackElo "2173"]
[Result "1-0"]
[Round "01"]
[TimeControl "180+1"]
[Date "2022.11.16"]
[WhiteClock "0:02:04"]
[BlackClock "0:00:25"]

1. e4 c6 2. d4 d5 3. Nc3 dxe4 4. Nxe4 Bf5 5. Nc5 b6 6. Nb3 Nf6 7. Nf3 e6 8. c3 Bd6 9. a4 O-O 10. a5 Nbd7 11. Be2 Qc7 12. O-O c5 13. dxc5 bxc5 14. h3 Rab8 15. Nbd2 Rfd8 16. Nc4 Bh2+ 17. Nxh2 Ne5 18. Qa4 Nd3 19. Bxd3 Bxd3 20. Re1 Rd5 21. Nf3 h6 22. Nce5 Bf5 23. Qh4 Rbd8 24. Bxh6 1-0


[Site "https://www.chess.com"]

[Event "Titled Tuesday Blitz November 15 Late 2022"]
[White "Goryachkina, Aleksandra"]
[Black "Szente Varga, Fruzsina"]
[WhiteFideId "4147103"]
[BlackFideId "712264"]
[WhiteElo "2484"]
[BlackElo "1994"]
[Result "1-0"]
[Round "01"]
[TimeControl "180+1"]
[Date "2022.11.16"]
[WhiteClock "0:00:10"]
[BlackClock "0:00:07"]

1. e4 e5 2. Nc3 Nc6 3. Nf3 Nf6 4. d4 exd4 5. Nxd4 Bc5 6. Nxc6 bxc6 7. Bd3 d6 8. h3 O-O 9. O-O Re8 10. Bg5 h6 11. Bh4 Rb8 12. Rb1 Be6 13. b3 a5 14. Kh1 Bd4 15. Ne2 c5 16. f4 Bd7 17. c3 c4 18. Nxd4 cxd3 19. Qxd3 a4 20. c4 axb3 21. axb3 c5 22. Nf3 Bc6 23. Rbe1 Qc7 24. Bxf6 gxf6 25. Nh4 Qb7 26. Nf5 Kh7 27. Nxd6 Qxb3 28. Qxb3 Rxb3 29. Nxe8 Bxe8 30. e5 fxe5 31. Rxe5 Bd7 32. Rxc5 Rb2 33. f5 Kg7 34. Rc7 Ba4 35. Re1 Bc2 36. Ree7 Bxf5 37. Rxf7+ Kg6 38. Rxf5 Kxf5 39. c5 Rb1+ 40. Kh2 Rc1 41. Kg3 Ke6 42. Kh4 Rc4+ 43. g4 Kd5 44. Kh5 Rc3 45. h4 Rh3 46. Rc8 Rh1 47. Rh8 Kxc5 48. Rxh6 Kd5 49. Rf6 Ke5 50. Rf2 Rg1 51. g5 Ra1 52. Kh6 Ra7 53. g6 Ke6 54. g7 Ra8 55. Kh7 Ra4 56. g8=Q+ 1-0


[Site "https://www.chess.com"]

[Event "Titled Tuesday Blitz November 15 Late 2022"]
[White "Graif, William"]
[Black "Tari, Aryan"]
[WhiteFideId "2609835"]
[BlackFideId "1510045"]
[WhiteElo "2205"]
[BlackElo "2612"]
[Result "0-1"]
[Round "01"]
[TimeControl "180+1"]
[Date "2022.11.15"]
[WhiteClock "0:00:02"]
[BlackClock "0:00:46"]

1. d4 d5 2. e4 dxe4 3. Nc3 Nf6 4. Bg5 g6 5. f3 e3 6. Bxe3 Bg7 7. Qd2 O-O 8. O-O-O a6 9. Bh6 b5 10. h4 c5 11. d5 Bf5 12. g4 b4 13. Nce2 Qxd5 14. Bxg7 Qxa2 15. Qh6 Qa1+ 16. Kd2 Rd8+ 17. Ke3 Qxd1 18. gxf5 Qxf1 19. fxg6 fxg6 20. Nh3 Nd5+ 0-1


[Site "https://www.chess.com"]

[Event "Titled Tuesday Blitz November 15 Late 2022"]
[White "Grapsa, Georgia"]
[Black "Beerdsen, Thomas"]
[WhiteFideId "4206436"]
[BlackFideId "1030108"]
[WhiteElo "1877"]
[BlackElo "2567"]
[Result "0-1"]
[Round "01"]
[TimeControl "180+1"]
[Date "2022.11.16"]
[WhiteClock "0:01:29"]
[BlackClock "0:02:32"]

1. e4 e5 2. Nf3 Nc6 3. Bb5 f5 4. d3 fxe4 5. dxe4 Nf6 6. Bg5 d6 7. Bxc6+ bxc6 8. Nbd2 Be7 9. b3 O-O 10. c4 Qe8 11. O-O Qg6 12. Kh1 Bg4 13. Bxf6 Rxf6 14. Nxe5 dxe5 15. f3 Be6 16. Qe2 Bc5 17. Rfd1 Raf8 18. Nf1 Qg5 19. Re1 Rxf3 0-1


[Site "https://www.chess.com"]

[Event "Titled Tuesday Blitz November 15 Late 2022"]
[White "Grot, Blazej"]
[Black "Djokic, Mihailo"]
[WhiteFideId "21835845"]
[BlackFideId "976440"]
[WhiteElo "1822"]
[BlackElo "2315"]
[Result "1-0"]
[Round "01"]
[TimeControl "180+1"]
[Date "2022.11.16"]
[WhiteClock "0:01:36"]
[BlackClock "0:00:52"]

1. e4 c5 2. Nc3 Nc6 3. Bb5 Nd4 4. Nf3 a6 5. Bc4 e6 6. O-O b5 7. Be2 Bb7 8. d3 Nf6 9. Bg5 Be7 10. Nxd4 cxd4 11. Nb1 h6 12. Bh4 d5 13. e5 Nd7 14. Bxe7 Qxe7 15. f4 Rc8 16. Nd2 O-O 17. Nf3 f6 18. Qd2 fxe5 19. fxe5 Rf5 20. Rae1 Qc5 21. Bd1 1-0


[Site "https://www.chess.com"]

[Event "Titled Tuesday Blitz November 15 Late 2022"]
[White "Gurevich, Dmitry"]
[Black "Yoo, Christopher Woojin"]
[WhiteFideId "2000407"]
[BlackFideId "30909694"]
[WhiteElo "2506"]
[BlackElo "2463"]
[Result "0-1"]
[Round "01"]
[TimeControl "180+1"]
[Date "2022.11.15"]
[WhiteClock "0:00:46"]
[BlackClock "0:00:26"]

1. d4 Nf6 2. c4 g6 3. Nc3 Bg7 4. e4 d6 5. Nf3 O-O 6. Be2 e5 7. O-O h6 8. d5 a5 9. Ne1 Na6 10. Be3 Nc5 11. Qc2 Ng4 12. Bxg4 Bxg4 13. a3 Bd7 14. b3 f5 15. f3 f4 16. Bf2 g5 17. Nd3 Nxd3 18. Qxd3 h5 19. c5 g4 20. cxd6 cxd6 21. Kh1 Qg5 22. Nb5 g3 23. Bg1 h4 24. Nc7 h3 25. Qe2 Rf6 26. Ne6 Rxe6 27. dxe6 Bxe6 28. Ra2 Qh5 29. Rc1 hxg2+ 30. Qxg2 Bh3 31. Qe2 g2+ 32. Qxg2 Bxg2+ 33. Rxg2 Kh8 34. Rc7 Rg8 35. Bf2 Qxf3 0-1


[Site "https://www.chess.com"]